Map: King Sejong Station LE

Players

Namshar

  • Race: Zerg Zerg
  • League: Grandmaster

ThisGameSuck - Winner!

  • Race: Protoss Protoss
  • League: Grandmaster

VOD

Have the link to the VOD?

Description

Time

  • Played on: June 29, 2016, 4:36 p.m.
  • Length: 13:48
Show
View Real Time Build Order
Export as new Build Order

Namshar Zerg 

Build Orders: Hatch First, Lurkers 

Get SALT Encoding   

  12  0:01  Drone  
  13  0:12  Overlord  
  13  0:17  Drone  
  14  0:31  Drone x2  
  14  0:34  Drone  
  17  0:52  Hatchery  
  17  0:55  Drone  
  17  0:58  Drone  
  18  1:08  Extractor  
  17  1:14  Spawning Pool  
  17  1:15  Drone  
  17  1:19  Drone  
  18  1:27  Drone  
  19  1:38  Overlord  
  19  1:50  Drone  
  20  2:00  Queen  
  20  2:01  Zergling x2  
  23  2:03  Queen  
  23  2:04  Zergling x2  
  23  2:08  Metabolic Boost  
  26  2:11  Drone  
  26  2:15  Drone  
  28  2:23  Drone  
  28  2:26  Drone  
  30  2:32  Zergling x2  
  30  2:36  Zergling x2  
  32  2:41  Hatchery  
  31  2:48  Drone  
  31  2:49  Overlord  
  32  2:54  Queen  
  32  2:57  Drone  
  35  2:59  Drone  
  34  3:13  Drone  
  34  3:14  Drone x4  
  34  3:16  Overlord, Drone  
  40  3:21  Zergling x4  
  40  3:24  Drone  
  43  3:29  Drone  
  44  3:36  Overlord  
  44  3:39  Drone  
  45  3:43  Drone  
  45  3:48  Drone x3  
  47  3:51  Drone x2  
  47  3:55  Drone x2  
  53  3:56  Drone  
  53  3:57  Drone  
  55  4:03  Overlord  
  55  4:04  Drone  
  55  4:06  Roach Warren, Queen  
  55  4:07  Drone  
  58  4:14  Overlord  
  58  4:15  Overlord  
  58  4:16  Overlord  
  58  4:22  Drone x2  
  60  4:24  Drone  
  60  4:26  Overlord  
  60  4:27  Lair  
  61  4:33  Evolution Chamber  
  61  4:34  Evolution Chamber  
  61  4:36  Drone  
  61  4:38  Drone x5  
  64  4:44  Queen  
  67  4:47  Queen  
  67  4:51  Drone, Spore Crawler  
  67  4:52  Overlord  
  69  4:53  Overlord  
  69  4:54  Drone  
  69  4:56  Overlord  
  70  5:03  Zerg Missile Weapons Level 1, Zerg Melee Weapons Level 1  
  70  5:04  Drone  
  70  5:05  Drone  
  70  5:06  Extractor  
  70  5:08  Extractor, Drone  
  70  5:09  Drone x2  
  70  5:10  Extractor  
  70  5:11  Drone  
  70  5:12  Drone x2  
  70  5:13  Spore Crawler  
  73  5:15  Drone  
  73  5:16  Drone x2  
  73  5:19  Spore Crawler  
  70  5:23  Queen  
  72  5:30  Drone  
  72  5:31  Drone x2  
  72  5:34  Glial Reconstitution, Extractor  
  74  5:37  Drone x2  
  74  5:38  Drone  
  74  5:39  Extractor, Drone  
  74  5:40  Drone x2  
  79  5:48  Drone x2  
  78  5:54  Overlord  
  78  5:55  Overlord x2  
  77  6:04  Drone  
  77  6:06  Hatchery  
  77  6:08  Drone x2  
  77  6:09  Drone  
  80  6:15  Drone x2  
  80  6:16  Overlord, Hatchery  
  81  6:32  Overlord  
  81  6:34  Drone  
  81  6:36  Hydralisk Den  
  81  6:37  Roach x3  
  81  6:38  Roach x9  
  105  6:45  Roach x4  
  113  6:51  Roach  
  115  6:59  Overlord x2  
  115  7:03  Zerg Missile Weapons Level 2, Zerg Melee Weapons Level 2  
  114  7:09  Drone x3  
  114  7:13  Drone x2  
  114  7:14  Drone  
  115  7:18  Lurker Den  
  115  7:24  Drone x6  
  115  7:25  Drone x3  
  115  7:27  Hydralisk  
  126  7:32  Hydralisk x4  
  126  7:33  Hydralisk  
  136  7:40  Overlord  
  136  7:47  Ravager x2  
  138  7:54  Hydralisk x2  
  138  7:55  Zergling x2  
  138  7:56  Zergling x22  
  153  8:00  Extractor  
  153  8:02  Ravager  
  153  8:04  Extractor, Zergling x6  
  135  8:39  Hydralisk  
  135  8:40  Hydralisk x9  
  155  8:42  Zergling x2  
  155  8:43  Zergling x16  
  155  8:46  Spore Crawler  
  155  8:47  Lurker  
  156  8:57  Lurker  
  156  8:58  Lurker  
  158  9:03  Hydralisk  
  158  9:09  Evolution Chamber  
  159  9:10  Evolution Chamber, Overseer  
  130  9:26  Hydralisk x7  
  130  9:29  Hydralisk  
  130  9:30  Zergling x14  
  130  9:37  Hydralisk  
  130  9:38  Hydralisk x2  
  112  9:47  Hydralisk x3  
  112  9:48  Zergling x4  
  112  9:49  Zergling x4  
  121  9:53  Lurker  
  121  9:59  Drone x3  
  125  10:02  Drone x4  
  129  10:11  Spine Crawler  
  128  10:16  Hydralisk  
  128  10:17  Hydralisk x4, Lurker x2  
  128  10:18  Hatchery  
  128  10:19  Spine Crawler  
  135  10:23  Evolution Chamber  
  135  10:26  Lurker x2  
  135  10:28  Zergling x22  
  147  10:35  Lurker  
  148  10:44  Evolution Chamber  
  148  10:45  Hydralisk x3  
  148  10:46  Hydralisk x3, Evolution Chamber  
  148  10:48  Evolution Chamber  
  142  11:04  Hydralisk  
  142  11:05  Hydralisk x7  
  148  11:16  Hydralisk x4  
  148  11:18  Zergling x16  
  164  11:20  Overseer  
  164  11:29  Hydralisk  
  164  11:30  Hydralisk x4  
  173  11:37  Hydralisk  
  173  11:38  Hydralisk x2  
  162  11:43  Drone x3  
  162  11:45  Lurker  
  162  11:46  Lurker  
  165  11:56  Drone x4  
  165  11:57  Drone x2  
  165  11:59  Hatchery  
  165  12:01  Lurker x3  
  173  12:07  Hydralisk x3  
  178  12:15  Extractor  
  171  12:16  Zergling x14  
  158  12:55  Lurker x4  
  162  13:03  Hatchery  
  156  13:07  Lurker x2  
  156  13:08  Lurker x4  
  156  13:09  Zergling x12  
  156  13:10  Zergling x10  
  129  13:20  Hydralisk x8  
  129  13:21  Hydralisk  
Show
View Real Time Build Order
Export as new Build Order

ThisGameSuck Protoss - Winner!

Build Orders: 1 Gate Expand, Phoenix Opening, Zealot Archon 

Get SALT Encoding   

  12  0:01  Probe (Chrono Boost)  
  13  0:11  Probe (Chrono Boost)  
  14  0:19  Pylon  
  14  0:22  Probe (Chrono Boost)  
  15  0:38  Probe (Chrono Boost)  
  15  0:39  Gateway  
  16  0:48  Probe (Chrono Boost)  
  16  0:49  Assimilator  
  17  0:59  Probe (Chrono Boost)  
  18  1:09  Probe (Chrono Boost)  
  19  1:20  Probe (Chrono Boost)  
  20  1:26  Nexus  
  20  1:37  Cybernetics Core  
  20  1:39  Probe (Chrono Boost)  
  21  1:47  Assimilator  
  21  1:50  Probe (Chrono Boost)  
  22  1:55  Pylon  
  22  2:00  Probe (Chrono Boost)  
  23  2:13  Adept (Chrono Boost), Probe (Chrono Boost)  
  23  2:15  Warp Gate  
  26  2:25  Probe (Chrono Boost)  
  27  2:34  Stargate  
  28  2:37  Adept, Probe (Chrono Boost)  
  28  2:38  Probe (Chrono Boost)  
  31  2:47  Probe (Chrono Boost)  
  31  2:49  Probe (Chrono Boost)  
  33  2:58  Probe (Chrono Boost)  
  34  3:00  Mothership Core (Chrono Boost)  
  36  3:08  Probe (Chrono Boost)  
  36  3:17  Gateway, Probe (Chrono Boost)  
  36  3:19  Probe (Chrono Boost)  
  38  3:23  Gateway, Phoenix (Chrono Boost)  
  40  3:27  Probe  
  40  3:32  Probe  
  42  3:36  Pylon  
  42  3:40  Probe  
  42  3:45  Probe  
  44  3:51  Phoenix (Chrono Boost)  
  44  3:55  Probe  
  46  3:57  Probe  
  46  4:00  Pylon  
  48  4:05  Probe  
  48  4:09  Probe  
  50  4:13  Phoenix (Chrono Boost)  
  50  4:16  Probe  
  52  4:18  Pylon  
  52  4:21  Probe  
  52  4:22  Adept x2  
  52  4:23  Adept  
  60  4:29  Probe  
  61  4:33  Probe  
  61  4:36  Phoenix (Chrono Boost)  
  64  4:40  Probe  
  64  4:41  Nexus  
  65  4:48  Pylon  
  65  4:52  Probe x2  
  66  4:57  Assimilator  
  66  4:58  Phoenix (Chrono Boost)  
  69  5:01  Assimilator  
  69  5:03  Probe  
  69  5:06  Forge  
  71  5:07  Probe  
  71  5:14  Probe  
  71  5:19  Probe (Chrono Boost)  
  73  5:25  Probe (Chrono Boost)  
  73  5:28  Robotics Facility x2  
  74  5:33  Pylon x2  
  74  5:36  Protoss Ground Weapons Level 1 (Chrono Boost), Probe (Chrono Boost)  
  74  5:37  Probe (Chrono Boost)  
  76  5:47  Probe (Chrono Boost)  
  76  5:48  Probe (Chrono Boost)  
  78  5:53  Probe (Chrono Boost)  
  79  5:57  Probe x2 (Chrono Boost)  
  79  6:02  Probe  
  79  6:03  Twilight Council  
  81  6:07  Assimilator  
  81  6:08  Probe  
  81  6:09  Probe  
  81  6:10  Gateway x2  
  84  6:12  Sentry  
  84  6:13  Assimilator  
  86  6:20  Gateway  
  86  6:21  Gateway, Probe x2  
  86  6:22  Probe  
  86  6:23  Gateway  
  89  6:31  Immortal (Chrono Boost)  
  94  6:35  Warp Prism (Chrono Boost)  
  94  6:36  Probe x2  
  94  6:38  Probe  
  98  6:53  Charge  
  98  6:56  Templar Archives  
  98  6:58  Pylon  
  98  7:03  Gateway  
  98  7:05  Gateway  
  98  7:06  Immortal (Chrono Boost)  
  98  7:08  Gateway  
  102  7:11  Protoss Ground Weapons Level 2  
  102  7:16  Immortal (Chrono Boost)  
  102  7:21  Pylon, Zealot x2  
  110  7:23  Pylon  
  110  7:25  Pylon  
  110  7:35  High Templar, Pylon  
  110  7:36  High Templar x2  
  116  7:40  High Templar, Zealot  
  116  7:41  Zealot x2  
  116  7:42  Pylon  
  124  7:45  Archon x2  
  124  7:54  Zealot  
  128  8:05  Immortal (Chrono Boost)  
  123  8:13  Zealot x7  
  129  8:31  High Templar x2  
  129  8:32  High Templar x2  
  129  8:33  Zealot x6  
  149  8:37  Archon x2  
  149  8:38  Pylon  
  149  8:39  Pylon  
  149  8:46  Zealot  
  151  8:57  Zealot x6  
  151  9:00  Immortal (Chrono Boost)  
  167  9:08  Zealot x3  
  157  9:20  Zealot x7  
  131  9:27  Observer (Chrono Boost)  
  114  9:36  Observer (Chrono Boost)  
  101  9:43  Zealot x9  
  111  9:54  High Templar x2  
  111  9:57  Immortal (Chrono Boost)  
  119  10:02  Archon  
  119  10:03  High Templar x2  
  119  10:04  High Templar x2, Zealot x4  
  135  10:08  Archon x2  
  135  10:11  Zealot  
  137  10:33  High Templar x2  
  137  10:34  Zealot x5  
  151  10:39  Archon  
  150  10:42  Zealot  
  150  10:43  Zealot x3  
  158  10:53  Zealot x2  
  142  11:14  Zealot x11  
  162  11:22  Immortal x2  
  142  11:36  Zealot x7  
  142  11:44  Zealot x2  
  138  11:57  Nexus  
  130  12:23  Zealot x9  
  144  12:43  High Templar x4  
  144  12:44  High Templar x4  
  154  12:45  High Templar x2  
  154  12:48  Archon x2  
  154  12:50  Archon x2  
  155  12:59  Archon  
  149  13:05  Zealot  
  117  13:31  Zealot x7  
  117  13:32  Zealot x4  
Tags
 
Add a new tag
Caveats
  • Supply blocks, unpowered buildings, or Contaminate may cause inaccurate times.
  • Supply counts are checked every 10 seconds.